 Dungeon Crawl Stone Soup version 0.16-a0-4056-gee4db93 (webtiles) character file.

600084 abixa the Slayer (level 27, -7/313 (314) HPs)
             Began as an Ogre Berserker on Feb 18, 2015.
             Was the Champion of Trog.
             Mangled by an acid blob (13 damage)
             ... created by the royal jelly
             ... on level 6 of the Pits of Slime on Feb 20, 2015.
             The game lasted 08:10:08 (83209 turns).

abixa the Slayer (Ogre Berserker)                  Turns: 83209, Time: 08:10:08

HP:   -7/313 (314)  AC: 27    Str: 46    XL:     27
MP:   0/27          EV: 12    Int:  6    God:    Trog [******]
Gold: 8056          SH:  0    Dex: 12    Spells: 0 memorised, 26 levels left

rFire  + + +     SeeInvis .     s - +9 giant club of the Blowfly {freeze, rF+ rC- MR+ Str+4 Stlth+}
rCold  + . .     Clarity  .     G - +10 gold dragon armour
rNeg   + + .     SustAb   .     (shield restricted)
rPois  +         Gourm    .     W - +2 hat
rElec  +         Spirit   .     A - +2 cloak of Fuass {rElec MR+ Str+3 Int+3 Dex-5}
rCorr  +         Warding  .     (gloves unavailable)
rMut   .         Stasis   .     (boots unavailable)
MR     +++++                    O - amulet of resist corrosion
Stlth  ..........               R - ring "Clepiviur" {rC+ rN+ Int-3 Dex+3}
                                H - ring "Plare" {Wiz +Fly rPois rF+ rN+ Stlth-}

@: agile, exhausted, about to teleport, corroded equipment, regenerating,
rotting, slowed, very slow, almost entirely resistant to hostile enchantments,
extremely unstealthy
A: unfitting armour, tough skin 1
a: Burn Spellbooks, Berserk, Trog's Hand, Brothers in Arms, Renounce Religion,
Evoke Flight
}: 4/15 runes: decaying, silver, abyssal, gossamer


You were on level 6 of the Pits of Slime.
You worshipped Trog.
Trog was exalted by your worship.
You were not hungry.

You visited 10 branches of the dungeon, and saw 57 of its levels.
You visited the Abyss 1 time.
You also visited: Labyrinth and Volcano.

You collected 9182 gold pieces.
You spent 1126 gold pieces at shops.

Inventory:

Hand weapons
 a - the +10 giant spiked club of Perfectionism {crush, rElec}
   (Trog gifted it to you on level 6 of the Lair of Beasts)

   It inflicts extra damage upon your enemies.
   It insulates you from electricity.
 j - the +8 giant club of Extermination {crush, -Tele rPois rC+ rN+}
   (Trog gifted it to you on level 3 of the Depths)

   It inflicts extra damage upon your enemies.
   It protects you from cold.
   It protects you from poison.
   It protects you from negative energy.
   It prevents most forms of teleportation.
 s - the +9 giant club of the Blowfly (weapon) {freeze, rF+ rC- MR+ Str+4 Stlth+}
   (Trog gifted it to you on level 4 of the Orcish Mines)

   It has been specially enchanted to freeze those struck by it, causing extra
   injury to most foes and up to half again as much damage against particularly
   susceptible opponents.
   It can also slow down cold-blooded creatures.
   It affects your strength (+4).
   It protects you from fire.
   It makes you vulnerable to cold.
   It affects your resistance to hostile enchantments.
   It makes you more stealthy.
 v - the +4 giant spiked club "Schihoace" {crush, +Inv rF- rC++ Dex+4 Stlth+}
   (Trog gifted it to you on level 4 of the Depths)

   It inflicts extra damage upon your enemies.
   It affects your dexterity (+4).
   It makes you vulnerable to fire.
   It greatly protects you from cold.
   It lets you turn invisible.
   It makes you more stealthy.
Missiles
 F - 155 large rocks (quivered)
Armour
 A - the +2 cloak of Fuass (worn) {rElec MR+ Str+3 Int+3 Dex-5}
   (You acquired it on level 4 of the Lair of Beasts)

   It affects your strength (+3).
   It affects your intelligence (+3).
   It affects your dexterity (-5).
   It insulates you from electricity.
   It affects your resistance to hostile enchantments.
 G - a +10 gold dragon armour (worn)
 W - a +2 hat (worn)
Jewellery
 H - the ring "Plare" (left hand) {Wiz +Fly rPois rF+ rN+ Stlth-}
   (You took it off an ironbrand convoker on level 4 of the Vaults)

   [ring of wizardry]

   It improves your spell success rate.
   It protects you from fire.
   It protects you from poison.
   It protects you from negative energy.
   It lets you fly.
   It makes you less stealthy.
 J - the amulet "Chivvoge" {rMut Int+5}
   (You took it off a yaktaur captain on level 4 of the Depths)

   [amulet of resist mutation]

   It protects you from mutation.
   It affects your intelligence (+5).
 O - an amulet of resist corrosion (around neck)
 R - the ring "Clepiviur" (right hand) {rC+ rN+ Int-3 Dex+3}
   (You bought it in a shop on level 2 of the Vaults)

   [ring of protection from cold]

   It affects your intelligence (-3).
   It affects your dexterity (+3).
   It protects you from cold.
   It protects you from negative energy.
Magical devices
 p - a wand of digging (7)
Scrolls
 m - 2 scrolls of summoning
 o - 12 scrolls of blinking
 q - 21 scrolls of remove curse
 r - 6 scrolls of immolation
 x - 5 scrolls of magic mapping
 y - 22 scrolls of teleportation
 B - a scroll of fear
 C - 15 scrolls of identify
 U - 2 scrolls of fog
Potions
 d - 16 potions of curing
 g - 9 potions of haste
 i - 2 potions of invisibility
 l - 7 potions of might
 t - 4 potions of resistance
 E - 4 potions of cancellation
 I - 2 potions of cure mutation
 T - 8 potions of heal wounds
Miscellaneous
 c - a phial of floods (inert)
 M - a lamp of fire
 Z - a fan of gales
Comestibles
 b - 7 fruits
 k - 16 beef jerkies


   Skills:
 - Level 25.0 Fighting
 - Level 22.0 Maces & Flails
 + Level 24.3 Throwing
 - Level 24.0 Armour
 - Level 1.7 Dodging
 - Level 2.0 Evocations


You had 26 spell levels left.
You didn't know any spells.

Dungeon Overview and Level Annotations

Branches:
Dungeon (15/15)            Temple (1/1) D:4            Lair (8/8) D:11
  Swamp (5/5) Lair:6       Spider (5/5) Lair:5        Slime (6/6) Lair:7
    Orc (4/4) D:9             Elf (3/3) Orc:4        Vaults (5/5) D:13
  Crypt (0/3) Vaults:2     Depths (5/5) D:15            Zot (0/5) Depths:5

Altars:
Ashenzari
Cheibriados
Dithmenos
Elyvilon
Fedhas
Gozag
Kikubaaqudgha
Makhleb
Nemelex Xobeh
Okawaru
Qazlal
Ru
Sif Muna
Trog
Vehumet
Xom
Yredelemnul
Zin
The Shining One
Beogh
Jiyva

Shops:
D:5 }   D:14 %   Orc:4 [:?}   Vaults:1 (?=(   Vaults:2 =   Vaults:3 }
Vaults:4 *   Vaults:5 ?   Depths:4 (

Portals:
Hell: Depths:1 Depths:2 Depths:3 Depths:4 Depths:5
Abyss: Depths:4 Depths:5
Pandemonium: Depths:3
Ziggurat: Depths:1

Annotations:
Swamp:5 some stuff
Slime:6 Dissolution
Vaults:5 food, books, SDA
Depths:5 book for mutations


Innate Abilities, Weirdness & Mutations

You are too large for most types of armour.
You have tough skin (AC +1).


Message History

Dissolution hits you!
* * * LOW HITPOINT WARNING * * *
You are splashed with acid!
The acid burns!
You resist.
* * * LOW HITPOINT WARNING * * *
The acid blob hits you!!
* * * LOW HITPOINT WARNING * * *
You are splashed with acid!
The acid burns!
You resist.
* * * LOW HITPOINT WARNING * * *
The death ooze barely misses you.
The death ooze hits you but does no damage.
The acid blob spits acid at you. The splash of acid hits you!
The acid corrodes your equipment!
The acid burns!
You resist.
* * * LOW HITPOINT WARNING * * *
The acid blob hits you!!
* * * LOW HITPOINT WARNING * * *
You are splashed with acid!
The acid burns!
You resist.
* * * LOW HITPOINT WARNING * * *
The acid blob completely misses you. The acid blob hits you!
You die...

##.#................
#..................
##.................
#.................#
##.................
##.................#
#........JJ........#
##......JJJJ≈......
#......JJ@JJJ.....
#......JJJJGJ.....
#.......GJJJ.....
...........J....
..........J....
...G..J....G.
...G...J..J
......... ...


You could see Dissolution, 7 acid blobs, 2 azure jellies, 3 slime creatures, 10
death oozes, 3 eyes of draining, a jelly and 2 giant eyeballs.

Vanquished Creatures
  the royal jelly (Slime:6)
  Mara (5 times) (Spider:3)
  4 ancient liches
  the Lernaean hydra (Swamp:5)
  2 golden dragons (Vaults:4)
  A profane servitor (Abyss:3)
  A bone dragon (Depths:5)
  Xtahua (Vaults:4)
  the Enchantress (Depths:4)
  Arachne (Spider:3)
  3 liches
  4 tentacled monstrosities
  2 quicksilver dragons (Vaults:4)
  2 deep elf blademasters (Elf:3)
  6 titans
  2 deep elf master archers (Elf:3)
  10 acid blobs
  4 sphinxes
  An octopode crusher (Depths:3)
  Rupert (D:15)
  Agnes (Swamp:4)
  9 tentacled starspawn
  8 shadow dragons
  10 tengu reavers
  4 Executioners
  6 storm dragons
  6 azure jellies
  Roxanne (Swamp:4)
  A draconian monk (Depths:5)
  12 fire giants
  Donald (Elf:2)
  Wiglaf (Elf:2)
  13 vault wardens
  4 ghost moths
  A balrug (Depths:5)
  2 iron dragons (Vaults:5)
  Louise (Spider:3)
  A draconian knight (Depths:5)
  13 frost giants
  8 deep elf sorcerers
  12 emperor scorpions
  2 angels
  A ghoul (Vaults:2)
  14 ironheart preservers
  Jorgrun (Depths:4)
  2 war gargoyles
  2 spriggan defenders (Depths:4)
  14 stone giants
  13 very ugly things
  A grey draconian (Abyss:3)
  3 lorocyprocas
  9 deep elf demonologists
  Azrael (D:15)
  8 deep elf annihilators
  A purple draconian (Depths:5)
  3 dire elephants
  A yellow draconian (Abyss:3)
  A red draconian (Depths:5)
  A white draconian (Depths:5)
  14 ettins
  8 deep elf death magi
  Snorg (Lair:8)
  A merfolk javelineer (Depths:3)
  11 fire dragons
  5 crystal guardians (Abyss:3)
  A quicksilver dragon zombie (Abyss:3)
  35 vault guards
  6 minotaurs
  2 green deaths (Abyss:3)
  Josephine (D:15)
  7 deep elf high priests
  12 yaktaur captains
  9 great orbs of eyes
  3 fire dragons (shapeshifter) (Depths:2)
  10 ice dragons
  11 rakshasas
  Harold (Lair:4)
  The ghost of dysrexia the Martial Artist, a powerful HuMo of Okawaru (Lair:2)
  2 ice dragons (shapeshifter)
  A ghost crab (Swamp:4)
  21 hydras
  5 deep troll shamans
  3 spriggan air magi
  2 anacondas (shapeshifter)
  A ghost crab (shapeshifter) (Abyss:3)
  5 alligators
  14 deep troll earth magi
  9 centaur warriors
  14 ogre magi
  21 dancing weapons
  A satyr (shapeshifter) (Depths:3)
  10 death yaks
  2 vampire magi
  3 spriggan berserkers
  5 tengu warriors
  Urug (Orc:3)
  5 orc high priests
  A shock serpent (shapeshifter) (Vaults:5)
  12 thrashing horrors (Abyss:3)
  4 soul eaters
  17 deep elf knights
  2 ice devils
  12 wretched stars
  An iron troll (Depths:1)
  4 catoblepae
  10 hell knights
  4 shadow wraiths
  12 skeletal warriors
  2 salamander mystics (Depths:2)
  4 fire crabs
  22 deep trolls
  2 spatial maelstroms
  3 flayed ghosts
  2 deep trolls (shapeshifter)
  3 sea snakes (shapeshifter)
  6 deep elf summoners
  14 swamp dragons
  2 hill giants (shapeshifter)
  A shambling mangrove (Swamp:4)
  4 giant orange brains
  20 orc knights
  An ice statue (Vaults:3)
  5 spriggan druids
  23 starcursed masses
  8 hill giants
  A tengu zombie (Vaults:4)
  Pikel (D:5)
  A harpy (shapeshifter) (Vaults:1)
  9 necromancers
  11 ironbrand convokers
  11 cyclopes
  13 deep elf conjurers
  25 orb spiders
  42 wolf spiders
  2 harpies (Vaults:2)
  An unseen horror (D:14)
  7 orc sorcerers
  A wolf spider (shapeshifter) (Depths:2)
  A wolf spider zombie (D:15)
  A mana viper (shapeshifter) (Abyss:3)
  3 stone giant zombies
  50 ugly things
  A spectral alligator (Swamp:4)
  12 griffons
  2 wizards
  4 manticores
  A sphinx skeleton (Depths:1)
  4 phantasmal warriors
  8 hornets
  A mana viper (Abyss:3)
  5 shining eyes
  8 elephants (Lair:6)
  A worldbinder (Abyss:3)
  3 draconians (shapeshifter)
  2 moths of wrath (Spider:5)
  A spriggan zombie (Depths:1)
  2 black mambas
  2 centaur zombies
  4 apocalypse crabs
  A sixfirhy (Abyss:3)
  Joseph (D:8)
  3 torpor snails
  20 vault sentinels
  2 naga magi (Depths:2)
  10 smoke demons (Abyss:3)
  A gargoyle (D:10)
  A torpor snail (shapeshifter) (Depths:3)
  3 kobold demonologists
  An orange crystal statue (Depths:1)
  An efreet (Abyss:2)
  2 eyes of devastation
  12 spiny frogs
  16 demonic crawlers
  A yaktaur zombie (Vaults:4)
  A redback zombie (D:15)
  A spiny frog (shapeshifter) (Vaults:1)
  3 orange demons
  12 komodo dragons
  2 tengu conjurers (D:14)
  93 yaktaurs
  A tormentor (Abyss:2)
  3 fire drakes
  23 large abominations
  35 jumping spiders
  5 ancient zymes
  8 freezing wraiths
  A silent spectre (Abyss:3)
  17 deep elf priests
  3 hellwings
  A merfolk (shapeshifter) (Elf:2)
  2 baby alligators (Swamp:4)
  2 polar bears
  13 bog bodies
  A blue devil (Elf:3)
  5 giant leeches
  8 trolls
  21 raiju (Abyss:3)
  2 wolf spider simulacra (D:15)
  17 ravens
  A slime creature (shapeshifter) (Abyss:3)
  A raven (shapeshifter) (Elf:3)
  6 boulder beetles
  3 basilisks
  91 slime creatures
  A stone giant simulacrum (Abyss:3)
  19 two-headed ogres
  19 blink frogs
  A catoblepas skeleton (Depths:1)
  A wyvern (D:14)
  A spectral black mamba (Swamp:4)
  A black mamba zombie (Abyss:2)
  5 flying skulls (Abyss:3)
  29 trapdoor spiders
  3 air elementals (Depths:5)
  An ettin zombie (Depths:1)
  An ice dragon skeleton (Abyss:3)
  18 spriggans
  2 tarantellas (shapeshifter) (Vaults:4)
  7 wraiths
  8 fire bats (Volcano)
  A fire dragon skeleton (Abyss:3)
  4 shadows
  A human (shapeshifter) (Vaults:1)
  22 deep elf magi
  A hungry ghost (D:11)
  5 mottled dragons
  Eustachio (D:8)
  49 redbacks
  6 water elementals
  54 yaks
  5 chaos spawn
  30 tarantellas
  A golden eye (shapeshifter) (Depths:3)
  4 ynoxinuls
  Grum (D:13)
  A yaktaur simulacrum (Depths:1)
  4 wargs
  39 vampire mosquitoes
  The ghost of BLOAX the Vandal, an average HaHu (D:3)
  28 deep elf fighters
  3 fire elementals
  An ogre zombie (Vaults:1)
  A soldier ant (D:14)
  19 swamp worms
  11 neqoxecs
  A steam dragon (Lair:7)
  Edmund (D:8)
  15 insubstantial wisps
  21 water moccasins
  20 wolves
  11 hell hounds
  A harpy simulacrum (D:15)
  44 orc warriors
  12 hippogriffs
  A merfolk skeleton (Abyss:3)
  A deep dwarf (shapeshifter) (D:13)
  29 spiders
  13 swamp drakes
  10 porcupines
  3 eyes of draining
  A human skeleton (Depths:1)
  A hydra simulacrum (Depths:2)
  3 slaves (D:5)
  3 black bears
  8 ice beasts
  A sky beast (D:11)
  3 necrophages
  3 phantoms
  A sky beast (shapeshifter) (Depths:4)
  A fire dragon simulacrum (Depths:2)
  12 wasps
  4 boggarts
  An ettin simulacrum (Depths:1)
  3 human zombies
  50 ogres
  A boring beetle (shapeshifter) (Vaults:3)
  8 big kobolds
  3 boring beetles
  5 centaurs
  16 small abominations
  Sigmund (D:2)
  11 crocodiles
  28 giant frogs
  2 wyvern zombies
  A water moccasin zombie (D:8)
  A wyvern skeleton (D:10)
  13 scorpions
  2 troll skeletons (Lab)
  2 human simulacra
  16 wights
  16 electric eels
  A spriggan skeleton (Lab)
  8 crimson imps
  4 goliath beetles
  11 hounds
  7 jellies
  2 quasits
  2 giant frog zombies
  An iron imp (Abyss:2)
  41 orc priests
  10 centaur skeletons
  7 hell rats
  12 iguanas
  40 orc wizards
  5 worker ants
  27 sheep
  Ijyb (D:5)
  A hound zombie (D:6)
  A hound skeleton (D:6)
  Robin (D:1)
  28 adders
  13 gnolls
  37 river rats
  5 shadow imps
  3 worms
  3 white imps (Abyss:3)
  A giant mite (Lair:5)
  4 ufetubi
  An adder skeleton (D:4)
  An ooze (D:1)
  140 orcs
  16 bats
  2 bat skeletons
  5 giant cockroaches
  28 hobgoblins
  10 jackals
  34 kobolds
  9 quokkas
  A ball python (D:2)
  4 giant geckos
  7 giant newts
  A giant spore (D:11)
  21 goblins
  A quokka skeleton (D:8)
  A quokka zombie (D:8)
  11 rats
  3 ballistomycetes (D:11)
  A crawling corpse (Elf:1)
  4 plants
  5 starspawn tentacles
2805 creatures vanquished.

Vanquished Creatures (collateral kills)
  A spriggan defender (Depths:4)
  A rakshasa (Depths:3)
  A spriggan air mage (Depths:4)
  A wizard (Depths:3)
  3 yaktaurs (Depths:3)
  An eye of draining (Slime:6)
8 creatures vanquished.

Vanquished Creatures (others)
  A tengu reaver (Vaults:4)
  2 stone giants
  A swamp dragon (Swamp:5)
  A hill giant (Slime:6)
  A slime creature (Vaults:3)
  2 air elementals
  2 water elementals
  A vampire mosquito (Swamp:4)
  A golden eye (Abyss:3)
  2 small abominations (Abyss:3)
  A swamp worm (Swamp:4)
  3 large abominations (Abyss:3)
  A sky beast (D:5)
  An ogre (Vaults:4)
  A lost soul (Depths:5)
  A gnoll (Depths:4)
  An orc (Vaults:3)
  8 fungi
  2 plants
  25 starspawn tentacles
  277 starspawn tentacle segments
335 creatures vanquished.

Grand Total: 3148 creatures vanquished

Notes
Turn   | Place    | Note
--------------------------------------------------------------
     0 | D:1      | abixa, the Ogre Berserker, began the quest for the Orb.
     0 | D:1      | Reached XP level 1. HP: 24/24 MP: 1/1
   104 | D:1      | Reached skill level 1 in Throwing
   199 | D:1      | Reached XP level 2. HP: 32/32 MP: 2/2
   407 | D:1      | Acquired Trog's second power
   513 | D:1      | Reached XP level 3. HP: 25/39 MP: 3/3
   921 | D:2      | Found a stormy altar of Qazlal.
   935 | D:2      | Noticed Robin
  1201 | D:1      | Killed Robin
  1721 | D:2      | Noticed Sigmund
  1885 | D:3      | Reached XP level 4. HP: 34/48 MP: 4/4
  2313 | D:3      | Noticed BLOAX's ghost (average HaHu)
  2380 | D:3      | Killed BLOAX's ghost
  2380 | D:3      | Reached skill level 5 in Throwing
  2380 | D:3      | Reached XP level 5. HP: 54/54 MP: 5/5
  2687 | D:2      | Reached skill level 6 in Throwing
  2743 | D:2      | Reached XP level 6. HP: 53/62 MP: 6/6
  2774 | D:2      | Found an ancient bone altar of Kikubaaqudgha.
  3187 | D:2      | Killed Sigmund
  3731 | D:3      | Found a radiant altar of Vehumet.
  3731 | D:3      | Found a glowing golden altar of the Shining One.
  3873 | D:4      | Found a staircase to the Ecumenical Temple.
  3883 | Temple   | Entered the Ecumenical Temple
  4250 | D:4      | Reached skill level 7 in Throwing
  4627 | D:4      | Reached XP level 7. HP: 70/70 MP: 7/7
  5037 | D:5      | Entered Level 5 of the Dungeon
  5062 | D:5      | Reached skill level 8 in Throwing
  5106 | D:5      | Noticed Pikel
  5542 | D:5      | Killed Pikel
  5542 | D:5      | Reached XP level 8. HP: 66/78 MP: 8/8
  5659 | D:5      | Found a shadowy altar of Dithmenos.
  5683 | D:5      | Received a gift from Trog
  5825 | D:5      | Reached skill level 9 in Maces & Flails
  5951 | D:5      | Found Yqawk's Gadget Boutique.
  5992 | D:5      | Reached skill level 5 in Fighting
  6455 | D:6      | Noticed Ijyb
  6462 | D:5      | Killed Ijyb
  6462 | D:5      | Reached skill level 10 in Maces & Flails
  6817 | D:6      | Reached XP level 9. HP: 91/91 MP: 9/9
  7418 | D:6      | Reached skill level 11 in Maces & Flails
  7445 | D:6      | Acquired Trog's third power
  7657 | D:7      | You fall through a shaft for 2 floors!
  7660 | D:8      | Noticed Eustachio
  7666 | D:8      | Killed Eustachio
  7731 | D:7      | Found a white marble altar of Elyvilon.
  7761 | D:7      | Found a deep blue altar of Sif Muna.
  8124 | D:7      | Found a sacrificial altar of Ru.
  8183 | D:7      | Reached skill level 12 in Maces & Flails
  8237 | D:8      | Noticed Joseph
  8239 | D:8      | Killed Joseph
  8239 | D:8      | Reached XP level 10. HP: 108/110 MP: 10/10
  8255 | D:8      | Reached skill level 10 in Fighting
  8544 | D:8      | Noticed Edmund
  8548 | D:8      | Killed Edmund
  9172 | D:9      | You fall through a shaft for 2 floors!
  9211 | D:10     | Entered Level 10 of the Dungeon
  9606 | D:10     | Reached skill level 13 in Maces & Flails
  9909 | D:10     | Found a deep blue altar of Sif Muna.
 10023 | D:9      | Found a blossoming altar of Fedhas.
 10048 | D:9      | You fall through a shaft!
 10598 | D:9      | Found a staircase to the Orcish Mines.
 11181 | D:10     | Received a gift from Trog
 11515 | D:10     | Reached skill level 10 in Throwing
 11587 | D:11     | Reached XP level 11. HP: 120/120 MP: 11/11
 11769 | D:11     | Identified a scroll of acquirement
 11773 | D:11     | Got a transparent fire dragon armour
 11784 | D:11     | Identified the +0 fire dragon armour of the Volcano {rF++ rC- rCorr Dex+4} (You acquired it on level 11 of the Dungeon)
 11811 | D:11     | Found a staircase to the Lair.
 11891 | D:11     | Found an iron altar of Okawaru.
 12054 | D:11     | Got an ominously black robe
 12367 | D:11     | Reached skill level 14 in Maces & Flails
 12409 | D:11     | Noticed a white ugly thing
 12413 | D:11     | Killed a white ugly thing
 12701 | D:11     | Identified the +2 robe "Qaekeiso" {rC+ SInv} (You found it on level 11 of the Dungeon)
 12758 | D:11     | Noticed a hill giant
 12919 | D:11     | Killed a hill giant
 12956 | Lair:1   | Entered Level 1 of the Lair of Beasts
 13138 | Lair:1   | Found a dark tunnel.
 13162 | Volcano  | Entered a volcano
 13294 | Volcano  | Noticed a fire crab
 13312 | Volcano  | Killed a fire crab
 13312 | Volcano  | Reached skill level 5 in Armour
 13594 | Lair:1   | Received a gift from Trog
 13785 | Lair:1   | Reached XP level 12. HP: 127/133 MP: 12/12
 14133 | Lair:2   | Found a labyrinth entrance.
 14144 | Lab      | Entered a labyrinth
 14681 | Lab      | Noticed a minotaur
 14691 | Lab      | Killed a minotaur
 15190 | Lair:2   | Noticed dysrexia's ghost (powerful HuMo)
 15199 | Lair:2   | Killed dysrexia's ghost
 16295 | Lair:2   | Upgraded the game from 0.16-a0-4024-g0ecf4ac to 0.16-a0-4044-gd6c5e7b
 16359 | Lair:3   | Received a gift from Trog
 16644 | Lair:3   | Received a gift from Trog
 16703 | Lair:3   | Reached skill level 15 in Maces & Flails
 16813 | Lair:3   | Received a gift from Trog
 17000 | Lair:3   | Received a gift from Trog
 17452 | Lair:4   | Noticed Harold
 17461 | Lair:4   | Killed Harold
 17876 | Lair:4   | Noticed an eight-headed hydra
 17882 | Lair:4   | Killed an eight-headed hydra
 17882 | Lair:4   | Reached XP level 13. HP: 126/144 MP: 13/13
 17906 | Lair:4   | Got a smoking shield
 17912 | Lair:4   | Identified the +4 shield of the Eternal Void {rPois rF+ rN+ Str-3 Int+8} (You acquired it on level 4 of the Lair of Beasts)
 17917 | Lair:4   | Got an ancient cloak
 17923 | Lair:4   | Identified the +2 cloak of Fuass {rElec MR+ Str+3 Int+3 Dex-5} (You acquired it on level 4 of the Lair of Beasts)
 18670 | Lair:5   | Found a hole to the Spider Nest.
 18744 | Lair:5   | Received a gift from Trog
 18829 | Lair:5   | Found a snail-covered altar of Cheibriados.
 19168 | Lair:5   | Received a gift from Trog
 19250 | Lair:5   | Received a gift from Trog
 20373 | Lair:6   | Found a staircase to the Swamp.
 20504 | Lair:6   | Received a gift from Trog
 20509 | Lair:6   | Got an iridescent giant spiked club {god gift}
 20510 | Lair:6   | Identified the +10 giant spiked club of Perfectionism {crush, rElec} (Trog gifted it to you on level 6 of the Lair of Beasts)
 20767 | Lair:6   | Reached skill level 16 in Maces & Flails
 21547 | Lair:7   | Reached XP level 14. HP: 143/157 MP: 14/14
 21580 | Lair:7   | Received a gift from Trog
 21687 | Lair:7   | Found a staircase to the Slime Pits.
 21688 | Lair:7   | Found a viscous altar of Jiyva.
 21882 | Lair:8   | Entered Level 8 of the Lair of Beasts
 22078 | Lair:8   | Noticed Snorg
 22084 | Lair:8   | Killed Snorg
 22219 | Lair:8   | Reached skill level 10 in Armour
 22919 | Lair:8   | Reached skill level 15 in Fighting
 22985 | Lair:8   | Got a warped bone ring
 22987 | Lair:8   | Identified the ring "Jeesenir" {AC+2 Dex+4} (You acquired it on level 8 of the Lair of Beasts)
 23100 | Lair:8   | Received a gift from Trog
 23207 | Lair:8   | Identified Chaoxa's Papyrus of Virous Sinister Rites (You found it on level 8 of the Lair of Beasts)
 23212 | Lair:8   | Got a smoking hat
 23218 | Lair:8   | Identified the +0 hat of the Mutiny {Stlth+} (You found it on level 8 of the Lair of Beasts)
 23652 | Orc:1    | Entered Level 1 of the Orcish Mines
 23975 | Orc:1    | Received a gift from Trog
 24105 | Orc:1    | Found a roughly hewn altar of Beogh.
 24548 | Orc:3    | Noticed Urug
 24555 | Orc:3    | Killed Urug
 24751 | Orc:4    | Entered Level 4 of the Orcish Mines
 24808 | Orc:3    | Found a radiant altar of Vehumet.
 24854 | Orc:3    | Received a gift from Trog
 25414 | Orc:4    | Received a gift from Trog
 25435 | Orc:4    | Got an iridescent giant club {god gift}
 25728 | Orc:4    | Found a staircase to the Elven Halls.
 26038 | Orc:4    | Reached skill level 17 in Maces & Flails
 26626 | Orc:4    | Found Elemoum's Armour Emporium.
 26626 | Orc:4    | Found Xatzyat's Gadget Shoppe.
 26626 | Orc:4    | Found Mulujup's Book Emporium.
 26639 | Orc:4    | Received a gift from Trog
 26644 | Orc:4    | Found Plyatwo's Magic Scroll Shoppe.
 26679 | Orc:4    | Bought a scroll of teleportation for 30 gold pieces
 26679 | Orc:4    | Bought a scroll of enchant armour for 75 gold pieces
 26679 | Orc:4    | Bought a scroll of teleportation for 30 gold pieces
 26679 | Orc:4    | Bought a scroll of identify for 20 gold pieces
 26679 | Orc:4    | Bought a scroll of teleportation for 30 gold pieces
 26933 | Lair:2   | Identified the +9 giant club of the Blowfly {freeze, rF+ rC- MR+ Str+4 Stlth+} (Trog gifted it to you on level 4 of the Orcish Mines)
 27004 | D:12     | Reached XP level 15. HP: 148/169 MP: 15/15
 27551 | D:12     | Got a fine dire flail
 28266 | D:13     | Received a gift from Trog
 28607 | D:13     | Received a gift from Trog
 28804 | D:13     | Identified the +2 dire flail of Dueq {elec, +Rage rPois rF- Str+7 Stlth+} (You found it on level 12 of the Dungeon)
 29142 | D:13     | Noticed Grum
 29144 | D:13     | Received a gift from Trog
 29149 | D:13     | Killed Grum
 29296 | D:13     | Found a gate to the Vaults.
 30577 | D:14     | Found Annixoi's Food Shoppe.
 30775 | D:14     | Received a gift from Trog
 30978 | D:15     | Entered Level 15 of the Dungeon
 30978 | D:15     | Noticed Azrael
 30995 | D:15     | Killed Azrael
 30995 | D:15     | Reached skill level 18 in Maces & Flails
 31258 | D:15     | Noticed Josephine
 31270 | D:15     | Killed Josephine
 31270 | D:15     | Reached XP level 16. HP: 164/180 MP: 5/16
 31430 | D:15     | Reached skill level 15 in Throwing
 31963 | D:15     | Noticed Rupert
 31969 | D:15     | Killed Rupert
 32081 | D:15     | Noticed a frost giant
 32088 | D:15     | Killed a frost giant
 32089 | D:15     | Found a staircase to the Depths.
 32223 | D:15     | Received a gift from Trog
 32470 | D:15     | Received a gift from Trog
 32968 | Spider:1 | Entered Level 1 of the Spider Nest
 34641 | Spider:2 | Received a gift from Trog
 35350 | Spider:2 | Reached XP level 17. HP: 143/192 MP: 17/17
 35771 | Spider:2 | Reached skill level 19 in Maces & Flails
 35944 | Spider:3 | Noticed Louise
 35960 | Spider:3 | Killed Louise
 36313 | Spider:3 | Noticed Mara
 36316 | Spider:3 | Noticed abixa's illusion
 36516 | Spider:2 | Received a gift from Trog
 36538 | Spider:3 | Killed Mara
 36606 | Spider:3 | Received a gift from Trog
 36657 | Spider:3 | Noticed Arachne
 36668 | Spider:3 | Killed Arachne
 36948 | Spider:3 | Killed Mara
 36951 | Spider:3 | Noticed abixa's illusion
 36951 | Spider:3 | Killed Mara
 36955 | Spider:3 | Killed Mara
 36958 | Spider:3 | Killed Mara
 38301 | Spider:4 | Received a gift from Trog
 38776 | Spider:4 | Received a gift from Trog
 39309 | Spider:5 | Entered Level 5 of the Spider Nest
 39495 | Spider:5 | Received a gift from Trog
 40167 | Spider:5 | Reached XP level 18. HP: 190/205 MP: 18/18
 40289 | Spider:5 | Reached skill level 20 in Maces & Flails
 40343 | Spider:5 | Got a gossamer rune of Zot
 41122 | Spider:2 | Received a gift from Trog
 41476 | Swamp:1  | Entered Level 1 of the Swamp
 42288 | Swamp:2  | Received a gift from Trog
 42764 | Swamp:2  | Reached skill level 15 in Armour
 43119 | Swamp:3  | Got a flickering brass amulet
 43120 | Swamp:3  | Identified the amulet "Friuck" {Gourm Int+2} (You acquired it on level 3 of the Swamp)
 43826 | Swamp:4  | Received a gift from Trog
 44363 | Swamp:4  | Noticed Agnes
 44366 | Swamp:4  | Killed Agnes
 44427 | Swamp:4  | Noticed Roxanne
 44433 | Swamp:4  | Killed Roxanne
 44892 | Swamp:5  | Entered Level 5 of the Swamp
 45003 | Swamp:5  | Received a gift from Trog
 45104 | Swamp:5  | Received a gift from Trog
 45151 | Swamp:5  | Reached XP level 19. HP: 149/217 MP: 18/18
 45213 | Swamp:5  | Received a gift from Trog
 45312 | Swamp:5  | Noticed the 27-headed Lernaean hydra
 45730 | Swamp:5  | Killed the 27-headed Lernaean hydra
 45739 | Swamp:5  | Got a decaying rune of Zot
 46059 | Swamp:5  | Received a gift from Trog
 46762 | Vaults:1 | Entered Level 1 of the Vaults
 46890 | Vaults:1 | Received a gift from Trog
 47051 | Vaults:1 | Received a gift from Trog
 47325 | Vaults:1 | Received a gift from Trog
 47336 | Vaults:1 | Reached skill level 21 in Maces & Flails
 47850 | Vaults:1 | Received a gift from Trog
 47871 | Vaults:1 | Found Erchaohal's Weapon Boutique.
 48037 | Vaults:1 | Found Uromaoj's Jewellery Emporium.
 48057 | Vaults:1 | Found an iron altar of Okawaru.
 48061 | Vaults:1 | Found Cisaug's Magic Scroll Emporium.
 48174 | Vaults:1 | Found Pruicosk's Antique Weapon Boutique.
 48678 | Vaults:1 | Received a gift from Trog
 49404 | Vaults:2 | Found a staircase to the Crypt.
 49732 | Vaults:2 | Upgraded the game from 0.16-a0-4044-gd6c5e7b to 0.16-a0-4048-g245e628
 49736 | Vaults:2 | Received a gift from Trog
 50202 | Vaults:2 | Reached XP level 20. HP: 197/228 MP: 19/19
 50453 | Vaults:2 | Found Plu Teox's Jewellery Boutique.
 50463 | Vaults:2 | Bought the ring "Clepiviur" {rC+ rN+ Int-3 Dex+3} for 434 gold pieces
 51486 | Elf:1    | Entered Level 1 of the Elven Halls
 51606 | Elf:1    | Received a gift from Trog
 52461 | Elf:2    | Found a runed gate.
 52465 | Elf:2    | Found a runed gate.
 52467 | Elf:2    | Found a runed gate.
 52485 | Elf:2    | Received a gift from Trog
 52486 | Elf:2    | Got an ichor-stained giant club {god gift}
 53217 | Elf:2    | Noticed Donald
 53239 | Elf:2    | Killed Donald
 53300 | Elf:2    | Received a gift from Trog
 53655 | Elf:2    | Noticed Wiglaf
 53663 | Elf:2    | Killed Wiglaf
 54089 | Lair:2   | Identified the +3 giant club of Ruination {flame, Dex+3} (Trog gifted it to you on level 2 of the Elven Halls)
 54872 | Vaults:3 | Received a gift from Trog
 54920 | Vaults:3 | Reached skill level 22 in Maces & Flails
 55120 | Vaults:3 | Reached XP level 21. HP: 130/241 MP: 20/20
 55123 | Vaults:3 | Received a gift from Trog
 55459 | Vaults:3 | Received a gift from Trog
 55523 | Vaults:3 | Found Veefrooc's Gadget Shoppe.
 56401 | Vaults:4 | Received a gift from Trog
 56823 | Vaults:4 | Found Doli's Assorted Antiques.
 56823 | Vaults:4 | Noticed Xtahua
 56840 | Vaults:4 | Killed Xtahua
 57302 | Vaults:4 | Received a gift from Trog
 58541 | Depths:1 | Entered Level 1 of the Depths
 58541 | Depths:1 | Found a sparkling altar of Nemelex Xobeh.
 59177 | Depths:1 | Found a gateway to a ziggurat.
 59310 | Depths:1 | Received a gift from Trog
 59333 | Depths:1 | Got a pitted giant club {god gift}
 59338 | Depths:1 | Identified the +6 giant club "Qiahuiv" {crush, Dex+2} (Trog gifted it to you on level 1 of the Depths)
 59846 | Depths:1 | Found a gateway to Hell.
 59887 | Depths:1 | Reached XP level 22. HP: 254/254 MP: 20/20
 59930 | Depths:1 | Got an ichor-stained morningstar
 60746 | Depths:2 | Received a gift from Trog
 61645 | Depths:2 | Received a gift from Trog
 61673 | Depths:2 | Reached skill level 23 in Fighting
 62083 | Depths:2 | Noticed an ancient lich
 62090 | Depths:2 | Killed an ancient lich
 63112 | Depths:3 | Received a gift from Trog
 63127 | Depths:3 | Got a warped giant club {god gift}
 63574 | Depths:3 | Identified the +8 giant club of Extermination {crush, -Tele rPois rC+ rN+} (Trog gifted it to you on level 3 of the Depths)
 63890 | Depths:3 | Found a one-way gate leading to the halls of Pandemonium.
 64602 | Depths:3 | Reached XP level 23. HP: 271/271 MP: 21/21
 64817 | Depths:4 | Noticed the Enchantress
 64818 | Depths:4 | Received a gift from Trog
 64856 | Depths:4 | Killed the Enchantress
 64856 | Depths:4 | Reached skill level 24 in Fighting
 65431 | Depths:4 | Found a one-way gate to the infinite horrors of the Abyss.
 65462 | Depths:4 | Received a gift from Trog
 65477 | Depths:4 | Got an encrusted giant spiked club {god gift}
 65478 | Depths:4 | Identified the +4 giant spiked club "Schihoace" {crush, +Inv rF- rC++ Dex+4 Stlth+} (Trog gifted it to you on level 4 of the Depths)
 65643 | Depths:4 | Found Wocaonel's Antique Weapon Shop.
 66004 | Depths:4 | Noticed Jorgrun
 66021 | Depths:4 | Killed Jorgrun
 66426 | Depths:4 | Received a gift from Trog
 66634 | Depths:4 | Received a gift from Trog
 67301 | Depths:4 | Received a gift from Trog
 67342 | Depths:4 | Got a sparkling pewter amulet
 67505 | Depths:4 | Identified the amulet "Chivvoge" {rMut Int+5} (You took it off a yaktaur captain on level 4 of the Depths)
 67796 | Depths:5 | Entered Level 5 of the Depths
 67872 | Depths:5 | Received a gift from Trog
 68063 | Depths:5 | Received a gift from Trog
 68543 | Depths:5 | Received a gift from Trog
 68717 | Depths:5 | Reached skill level 25 in Fighting
 68905 | Depths:5 | Reached skill level 1 in Evocations
 69099 | Depths:5 | Found a gate to the Realm of Zot.
 69371 | Depths:5 | Upgraded the game from 0.16-a0-4048-g245e628 to 0.16-a0-4056-gee4db93
 70048 | Elf:3    | Entered Level 3 of the Elven Halls
 70056 | Elf:3    | Reached XP level 24. HP: 286/286 MP: 25/25
 70501 | Elf:3    | Received a gift from Trog
 70829 | Elf:3    | Received a gift from Trog
 70945 | Elf:3    | Received a gift from Trog
 71183 | Elf:3    | Got a coiled amber ring
 71666 | Elf:3    | Identified the ring "Udgheihau" {Wiz rF+ Str+2} (You took it off a deep elf death mage on level 3 of the Elven Halls)
 72319 | Vaults:5 | Entered Level 5 of the Vaults
 72321 | Vaults:5 | Received a gift from Trog
 72335 | Vaults:5 | Noticed an ancient lich
 72342 | Vaults:5 | Killed an ancient lich
 73307 | Vaults:4 | Received a gift from Trog
 74142 | Vaults:4 | Reached XP level 25. HP: 238/295 MP: 25/25
 75063 | Vaults:4 | Got a smoking tin ring
 76059 | Vaults:4 | Received a gift from Trog
 76230 | Vaults:4 | Received a gift from Trog
 76640 | Vaults:5 | Received a gift from Trog
 76770 | Vaults:5 | Found Struappokh's Magic Scroll Emporium.
 76784 | Vaults:5 | Bought a scroll of magic mapping for 42 gold pieces
 76784 | Vaults:5 | Bought a scroll of teleportation for 36 gold pieces
 76898 | Vaults:5 | Got a silver rune of Zot
 76996 | Vaults:5 | Noticed an ancient lich
 77014 | Vaults:5 | Killed an ancient lich
 77185 | Vaults:5 | Identified the ring "Plare" {Wiz +Fly rPois rF+ rN+ Stlth-} (You took it off an ironbrand convoker on level 4 of the Vaults)
 77666 | Vaults:5 | Received a gift from Trog
 78058 | Vaults:1 | Received a gift from Trog
 78077 | Vaults:1 | Bought 5 javelins of penetration for 204 gold pieces
 78238 | Vaults:4 | Reached XP level 26. HP: 302/305 MP: 26/26
 78281 | Vaults:4 | Bought a scroll of enchant armour for 225 gold pieces
 79079 | Depths:4 | Voluntarily entered the Abyss.
 80034 | Abyss:3  | Paralysed by accursed screaming for 1 turns
 80315 | Abyss:3  | Received a gift from Trog
 80865 | Abyss:3  | Found a corrupted altar of Lugonu.
 81184 | Abyss:3  | Paralysed by you for 7 turns
 81486 | Abyss:3  | Noticed an ancient lich
 81495 | Abyss:3  | Killed an ancient lich
 81500 | Abyss:3  | Received a gift from Trog
 81591 | Abyss:3  | Got an abyssal rune of Zot
 81622 | Abyss:3  | Received a gift from Trog
 81783 | Depths:4 | Escaped the Abyss
 82421 | Slime:1  | Entered Level 1 of the Pits of Slime
 82640 | Slime:4  | Reached XP level 27. HP: 314/314 MP: 8/27
 82756 | Slime:6  | Entered Level 6 of the Pits of Slime
 83186 | Slime:6  | Noticed the royal jelly
 83192 | Slime:6  | Noticed Dissolution
 83197 | Slime:6  | Killed the royal jelly
 83200 | Slime:6  | Paralysed by a giant eyeball for 3 turns
 83209 | Slime:6  | HP: 9/313 [acid blob[the royal jelly] (19)]
 83209 | Slime:6  | Mangled by an acid blob

Action                   |  1- 3 |  4- 6 |  7- 9 | 10-12 | 13-15 | 16-18 | 19-21 | 22-24 | 25-27 || total
-------------------------+-------+-------+-------+-------+-------+-------+-------+-------+-------++-------
Melee: Mace              |   132 |    78 |       |       |       |       |       |       |       ||   210
       Flail             |       |    18 |       |       |       |       |       |       |       ||    18
       Giant club        |       |       |    91 |       |    49 |    40 |    15 |    56 |    58 ||   309
       Giant spiked club |       |       |   115 |   454 |   905 |   784 |   936 |   778 |  1064 ||  5036
 Fire: Blowgun           |       |       |       |    39 |    10 |    38 |       |       |       ||    87
Throw: Stone             |     4 |   123 |   145 |   380 |   202 |    35 |       |       |       ||   889
       Tomahawk          |       |       |    11 |    53 |   113 |   343 |   252 |   120 |       ||   892
       Javelin           |       |       |       |    21 |    11 |       |       |   134 |     1 ||   167
       Large rock        |       |       |       |       |       |    91 |   101 |    65 |    38 ||   295
Invok: Berserk           |       |     1 |     2 |     2 |       |     1 |     4 |     2 |     6 ||    18
       Trog's Hand       |       |     2 |     1 |     1 |       |     1 |     1 |     1 |     4 ||    11
       Brothers in Arms  |       |       |       |       |       |       |       |     4 |     2 ||     6
       Burn Spellbooks   |       |       |       |       |       |       |       |     2 |       ||     2
 Abil: Evoke Flight      |       |       |       |       |       |     1 |       |     3 |       ||     4
Evoke: Wand              |       |       |     3 |     1 |       |     2 |       |     2 |       ||     8
       Fan of gales      |       |       |       |       |       |     1 |       |       |     1 ||     2
       Phial of floods ( |       |       |       |       |       |       |     1 |       |     1 ||     2
  Use: Scroll            |       |       |       |    25 |    15 |    11 |     6 |    14 |    11 ||    82
       Potion            |       |       |       |     1 |       |       |     6 |     5 |     6 ||    18
 Stab: Sleeping          |       |       |     2 |     2 |       |       |       |       |       ||     4
       Distracted        |       |       |       |     1 |       |       |       |       |     2 ||     3
       Paralysed         |       |       |       |       |       |     1 |       |       |       ||     1
       Confused          |       |       |       |       |       |     1 |       |       |       ||     1
       Invisible         |       |       |       |       |       |       |     1 |       |       ||     1
       Petrifying        |       |       |       |       |       |       |       |     1 |       ||     1
       Petrified         |       |       |       |       |       |       |       |     1 |       ||     1
  Eat: Chunk             |     2 |     9 |    14 |    26 |    40 |    43 |    58 |    39 |    19 ||   250
       Fruit             |       |     1 |     1 |     5 |     4 |       |     1 |       |     9 ||    21
       Beef jerky        |       |       |       |     1 |       |       |     1 |       |     1 ||     3
       Pizza             |       |       |       |       |       |     1 |       |       |     1 ||     2
       Meat ration       |       |       |       |       |       |       |       |       |     1 ||     1
       Bread ration      |       |       |       |       |       |       |       |       |     1 ||     1
